 Dungeon Crawl Stone Soup version 0.22.1-1-ga44c0e5 (webtiles) character file.

229 Fang the Chopper (level 6, 0/38 HPs)
             Began as a Gargoyle Berserker on Oct 23, 2018.
             Was a Believer of Trog.
             Slain by an orc wizard
             ... wielding a +0 dagger
              (2 damage)
             ... on level 3 of the Dungeon.
             The game lasted 00:02:40 (3218 turns).

Fang the Chopper (Gargoyle Berserker)               Turns: 3218, Time: 00:02:41

Health: 0/38       AC:  6    Str: 19    XL:     6   Next: 3%
Magic:  6/6        EV: 12    Int: 13    God:    Trog [**....]
Gold:   148        SH:  0    Dex:  9    Spells: 5/5 levels left

rFire    . . .     SeeInvis .   a - +0 hand axe
rCold    . . .     Gourm    .   (no shield)
rNeg     + . .     Faith    .   b - +0 animal skin
rPois    ∞         Spirit   .   (no helmet)
rElec    +         Reflect  .   (no cloak)
rCorr    .         Harm     .   (no gloves)
MR       .....                  (no boots)
Stlth    ++........             j - amulet of the acrobat
HPRegen  0.12/turn              d - +5 ring of intelligence
MPRegen  0.10/turn              n - -3 ring of strength (curse)

@: no status effects
A: negative energy resistance 1, electricity resistance, unbreathing,
petrification resistance, rot immunity, AC +4
a: Berserk, Trog's Hand, Renounce Religion


You were on level 3 of the Dungeon.
You worshipped Trog.
Trog was pleased with you.
You were hungry.

You visited 1 branch of the dungeon, and saw 3 of its levels.

You collected 148 gold pieces.

Inventory:

Hand Weapons
 a - a +0 hand axe (weapon)
Armour
 b - a +0 animal skin (worn)
Jewellery
 d - a +5 ring of intelligence (left hand)
 h - a +4 ring of dexterity
 j - an amulet of the acrobat (around neck)
 n - a cursed -3 ring of strength (right hand)
Scrolls
 e - a scroll of magic mapping {unknown}
 i - a scroll of identify {unknown}
 k - a scroll of remove curse {unknown}
 o - a scroll of immolation {unknown}
Potions
 f - a potion of invisibility {unknown}
 g - a potion of berserk rage {unknown}
 l - a potion of degeneration {unknown}
 m - a potion of curing {unknown}
 p - a potion of flight {unknown}
Comestibles
 c - 5 rations


   Skills:
 + Level 4.2 Fighting
 + Level 4.3 Axes
 + Level 2.5 Armour
 + Level 2.7 Dodging
 + Level 2.2 Stealth


You had 5 spell levels left.
You didn't know any spells.
Your spell library was empty.

Dungeon Overview and Level Annotations

Branches:
Dungeon (3/15)

Altars:
Ashenzari


Innate Abilities, Weirdness & Mutations

You are resistant to torment.
Your stone body is resilient. (AC +4)
You are immune to poison.
You resist negative energy. (rN+)
You are resistant to electric shocks. (rElec)
You can survive without breathing.
You are immune to petrification.
You are immune to rotting.


Message History

The orc wizard is almost dead.
The orc wizard hits you but does no damage.
You closely miss the orc wizard.
The orc wizard is almost dead.
The orc wizard hits you but does no damage.
You hit the orc wizard.
The orc wizard is almost dead.
The orc wizard points at you and mumbles some strange words.
The magic dart hits you!
* * * LOW HITPOINT WARNING * * *
You closely miss the orc wizard.
The orc wizard is almost dead.
The orc wizard barely misses you.
You hit the orc wizard but do no damage.
The orc wizard is almost dead.
The orc wizard hits you but does no damage.
You barely miss the orc wizard.
The orc wizard is almost dead.
The orc wizard hits you with a dagger.
You die...

... ... ### # #.# ##..!
#. #.# #.....
.###.##.##.....#
........#.....#
#....$)....# #)@o.# #
#(#### #. #?#
#..##.##### #######
#.........#######..##..
#.....##...........##..
#####.###.##.####.<##..
#.# #.##.##........
...##.#...#.#..###.


You could see an orc wizard.

Vanquished Creatures
  An orc priest (D:3)
  2 orc wizards (D:3)
  8 adders
  3 dart slugs
  A leopard gecko (D:1)
  9 orcs (D:3)
  2 ball pythons
  4 giant cockroaches
  7 goblins
  3 hobgoblins (D:1)
  A quokka (D:2)
  4 bats
  2 frilled lizards (D:2)
  5 kobolds
  12 rats
64 creatures vanquished.

Notes
Turn   | Place    | Note
-------+----------+-------------------------------------------
     0 | D:1      | Fang the Gargoyle Berserker began the quest for the Orb.
     0 | D:1      | Reached XP level 1. HP: 14/14 MP: 1/1
   417 | D:1      | Reached XP level 2. HP: 9/19 MP: 2/2
  1419 | D:2      | Reached XP level 3. HP: 24/24 MP: 3/3
  1430 | D:2      | Reached skill level 1 in Stealth
  1676 | D:2      | Reached ** piety under Trog
  1872 | D:2      | Reached XP level 4. HP: 18/29 MP: 4/4
  2268 | D:2      | Found a shattered altar of Ashenzari.
  2533 | D:3      | Reached XP level 5. HP: 27/33 MP: 5/5
  2789 | D:3      | HP: 1/33 [orc priest/flail (8)]
  3193 | D:3      | Reached XP level 6. HP: 38/38 MP: 6/6
  3215 | D:3      | HP: 1/38 [orc wizard/magic dart (5)]
  3218 | D:3      | Slain by an orc wizard

Skill      XL: |  1  2  3  4  5 |
---------------+----------------+-----
Axes           | 3 4 |  4.3
Stealth        | 1 2 |  2.2
Dodging        | 2 |  2.7
Fighting       | 4 |  4.2
Armour         | |  2.5

Action                   |  1- 3 |  4- 6 || total
-------------------------+-------+-------++-------
Melee: Hand axe          |    96 |   155 ||   251
Invok: Berserk           |       |     2 ||     2
 Stab: Sleeping          |     1 |     2 ||     3
  Eat: Chunk             |     2 |     7 ||     9
Armor: Animal skin       |    32 |    61 ||    93
Dodge: Dodged            |    73 |   140 ||   213
